 Dungeon Crawl Stone Soup version 0.27-a0-412-g8dd771eca2 (webtiles) character file.

Game seed: 1151992472774528168

29600 wakim the Destroyer (level 13, -3/83 HPs)
             Began as a Deep Elf Conjurer on Feb 23, 2021.
             Was an Elder of Sif Muna.
             Killed by divine providence
             ... invoked by a meliai
              (8 damage)
             ... on level 4 of the Lair of Beasts.
             The game lasted 01:04:00 (17259 turns).

wakim the Destroyer (Deep Elf Conjurer)            Turns: 17259, Time: 01:04:01

Health: -3/83      AC:  7    Str:  7    XL:     13   Next: 16%
Magic:  7/28       EV: 33    Int: 26    God:    Sif Muna [****..]
Gold:   985        SH:  5    Dex: 13    Spells: 20/31 levels left

rFire    . . .     SeeInvis .   a - +4 hand axe (freeze)
rCold    + . .     Faith    .   F - +0 buckler
rNeg     . . .     Spirit   .   H - +0 steam dragon scales
rPois    .         Reflect  .   (no helmet)
rElec    .         Harm     .   z - +0 cloak
rCorr    .         Rampage  .   (no gloves)
Will     ++...                  e - +0 pair of boots {Fly}
Stlth    ++........             o - amulet of the acrobat
HPRegen  0.23/turn              h - ring of willpower
MPRegen  0.21/turn              f - ring of protection from cold

@: acrobat, flying, very slightly contaminated
A: no striking features
a: Stop Flying, Renounce Religion, Channel Magic, Forget Spell, Divine Exegesis


You were on level 4 of the Lair of Beasts.
You worshipped Sif Muna.
Sif Muna was greatly pleased with you.
You visited 3 branches of the dungeon, and saw 15 of its levels.
You also visited: Sewer.

You collected 985 gold pieces.

Inventory:

Hand Weapons
 a - a +4 hand axe of freezing (weapon)
 b - a +3 dagger of venom
Armour
 e - a +0 pair of boots of flying (worn)
 z - a +0 cloak (worn)
 F - a +0 buckler (worn)
 H - +0 steam dragon scales (worn)
Jewellery
 f - a ring of protection from cold (right hand)
 h - a ring of willpower (left hand)
 o - an amulet of the acrobat (around neck)
Wands
 g - a wand of mindburst (13)
 l - a wand of paralysis (11)
 w - a wand of polymorph (7)
 y - a wand of acid (7)
 D - a wand of iceblast (4)
 E - a wand of flame (29)
 G - a wand of charming (13)
Scrolls
 c - 6 scrolls of teleportation
 d - 7 scrolls of enchant armour
 k - a scroll of magic mapping
 m - 4 scrolls of amnesia
 q - a scroll of fog
 u - a scroll of enchant weapon
 x - 2 scrolls of identify
Potions
 i - 2 potions of invisibility
 j - a potion of cancellation
 n - 3 potions of ambrosia {unknown}
 p - a potion of brilliance
 r - a potion of magic
 s - 4 potions of heal wounds
 t - 4 potions of curing
 v - 2 potions of resistance {unknown}
 A - a potion of might
 B - a potion of berserk rage {unknown}
 C - 3 potions of haste


   Skills:
 + Level 10.5 Fighting
 - Level 10.8 Dodging
 - Level 2.4 Stealth
 - Level 4.0 Shields
 * Level 9.8 Spellcasting
 * Level 12.0 Conjurations
 - Level 4.0 Hexes
 - Level 4.0 Translocations
 + Level 1.2 Fire Magic
 + Level 9.3 Invocations


You had 20 spell levels left.
You knew the following spells:

 Your Spells              Type           Power        Failure   Level
a - Magic Dart            Conj           100%         1%          1
b - Searing Ray           Conj           100%         1%          2
c - Fulminant Prism       Conj/Hex       26%          1%          4
d - Iskenderun's Mystic   Conj/Tloc      53%          1%          4

Your spell library contained the following spells:

 Spells                   Type           Power        Failure   Level
 Apportation              Tloc           66%          1%          1
 Corona                   Hex            36%          1%          1
 Foxfire                  Conj/Fire      100%         1%          1
 Conjure Flame            Conj/Fire      47%          1%          3
 Dazzling Flash           Conj/Hex       100%         1%          3
 Sticky Flame             Conj/Fire      47%          3%          4
 Animate Skeleton         Necr           24%          4%          1
 Summon Small Mammal      Summ           48%          4%          1
 Inner Flame              Hex/Fire       26%          4%          3
 Fireball                 Conj/Fire      23%          9%          5


Dungeon Overview and Level Annotations

Branches:
Dungeon (10/15)            Temple (1/1) D:5            Lair (4/6) D:10
  Swamp (0/4) Lair:2        Snake (0/4) Lair:3          Orc (0/2) D:10
  Sewer (visited)

Altars:
Ashenzari
Cheibriados
Dithmenos
Elyvilon
Fedhas
Gozag
Hepliaklqana
Kikubaaqudgha
Makhleb
Nemelex Xobeh
Okawaru
Qazlal
Ru
Sif Muna
Trog
Uskayaw
Vehumet
Wu Jian
Xom
Yredelemnul
Zin
The Shining One


Message History

* * * LOW HITPOINT WARNING * * *
The killer bee stings you but does no damage.
Okay, then.
Casting: Iskenderun's Mystic Blast (dangerous; 1% risk of failure)
Confirm with . or Enter, or press ? or * to list all spells.
You erupt in a blast of force!
The mystic blast hits the death yak!
The death yak is lightly wounded.
The mystic blast hits the killer bee!
The killer bee is heavily wounded.
The killer bee is knocked back by the mystic blast.
The mystic blast hits the cane toad!
The cane toad is heavily wounded.
The cane toad is knocked back by the mystic blast.
The mystic blast hits the komodo dragon.
The komodo dragon is heavily wounded.
The komodo dragon is knocked back by the mystic blast.
You hear a bellow!
Casting: Iskenderun's Mystic Blast (dangerous; 1% risk of failure)
Confirm with . or Enter, or press ? or * to list all spells.
You erupt in a blast of force!
The mystic blast hits the killer bee!
You kill the killer bee!
Sif Muna accepts your kill.
The mystic blast hits the death yak but does no damage.
The death yak is lightly wounded.
The mystic blast hits the komodo dragon!
The komodo dragon is severely wounded.
The komodo dragon is knocked back by the mystic blast.
The death yak gores you but does no damage.
Casting: Iskenderun's Mystic Blast (dangerous; 1% risk of failure)
Confirm with . or Enter, or press ? or * to list all spells.
You erupt in a blast of force!
The mystic blast hits the cane toad.
The cane toad is heavily wounded.
The cane toad is knocked back by the mystic blast.
The mystic blast hits the death yak!
The death yak is moderately wounded.
The death yak is knocked back by the mystic blast.
You hear a bellow!
The meliai mumbles some strange prayers to its god against you.
Something smites you!
You die...

......## ####.##.Y⌠.....$..#
.yy#yY.###.#..#†....# .⌠..#
.PyySl............Y.# .....#
...†yy.YPY###.#Y....##.....
.y<#.###### ####+#+..#...
##....# ##...#.#.+#+#
...).## #...........#.
.....#.. ##...>........
........## #.@...........
.....#....# #...........##
.[....)....####lY..†......#
..........†...y†........#...
/...!.....††###..F........).
#....P....##†..........#
..................>.....
####.##..†.............. ##
####.##...........


You could see a death yak, a komodo dragon, a cane toad and a meliai.

Vanquished Creatures
  Harold (D:10)
  3 hydras
  A death yak (Lair:3)
  An unseen horror (D:10)
  2 bog bodies (Lair:2)
  Joseph (D:8)
  4 black mambas
  10 cane toads
  9 elephants
  Maggie (Lair:1)
  A gargoyle (D:10)
  A rime drake (Lair:4)
  A torpor snail (Lair:2)
  4 komodo dragons
  The ghost of p0werm0de the Skirmisher, a novice GrFi of Okawaru (D:6)
  A troll (D:10)
  3 polar bears
  A queen bee (Lair:2)
  Prince Ribbit (D:6)
  Sigmund (D:2)
  5 wyverns
  Eustachio (D:4)
  21 yaks
  3 basilisks
  A steam dragon (Lair:4)
  3 nagas (Lair:3)
  16 water moccasins
  A sky beast (D:5)
  3 orc warriors
  2 necrophages
  2 black bears
  4 ogres
  10 wolves
  3 phantoms
  2 centaurs
  A kobold brigand (D:10)
  15 bullfrogs
  A wyvern zombie (D:10)
  2 scorpions
  40 killer bees
  9 wights
  2 electric eels
  A howler monkey (D:8)
  2 centaur zombies
  A quasit (D:5)
  4 orc priests
  5 hounds
  4 jellies
  4 iguanas
  3 orc wizards
  11 worker ants
  Terence (D:2)
  2 hound zombies
  A hound skeleton (D:6)
  A howler monkey zombie (D:7)
  2 worker ant zombies
  Robin (D:3)
  A gnoll (D:1)
  12 adders
  4 river rats
  4 white imps
  An ufetubus (D:7)
  An ooze (D:4)
  2 adder zombies
  A worm (D:2)
  An adder skeleton (D:6)
  4 dart slugs
  11 leopard geckos
  23 orcs
  12 giant cockroaches
  6 hobgoblins
  14 jackals
  13 kobolds
  4 quokkas
  3 ball pythons
  13 bats
  15 frilled lizards
  14 goblins
  A leopard gecko zombie (D:5)
  4 rats
402 creatures vanquished.

Vanquished Creatures (collateral kills)
  A wolf (Lair:3)
1 creature vanquished.

Vanquished Creatures (others)
  An orc priest (D:8)
  An orc wizard (D:8)
  A white imp (D:8)
  3 orcs (D:8)
  A quokka skeleton (D:8)
  55 fulminant prisms
  60 fungi
  39 plants
161 creatures vanquished.

Grand Total: 564 creatures vanquished

Notes
Turn   | Place    | Note
-------+----------+-------------------------------------------
     0 | D:1      | wakim the Deep Elf Conjurer began the quest for the Orb.
     0 | D:1      | Reached XP level 1. HP: 10/10 MP: 6/6
   123 | D:1      | Reached XP level 2. HP: 15/15 MP: 3/8
   473 | D:1      | Reached skill level 5 in Conjurations
   473 | D:1      | Reached XP level 3. HP: 19/19 MP: 3/10
   677 | D:1      | Learned a level 2 spell: Searing Ray
  1219 | D:2      | Found a hazy altar of Hepliaklqana.
  1219 | D:2      | Found an iron altar of Okawaru.
  1389 | D:2      | Found a radiant altar of Vehumet.
  1484 | D:2      | Reached XP level 4. HP: 24/24 MP: 9/12
  1487 | D:2      | Noticed Terence
  1493 | D:2      | Killed Terence
  1494 | D:2      | Reached skill level 5 in Spellcasting
  1656 | D:2      | Found a blossoming altar of Fedhas.
  1656 | D:2      | Noticed Sigmund
  1671 | D:2      | Killed Sigmund
  1672 | D:2      | Reached skill level 6 in Conjurations
  1672 | D:2      | Reached XP level 5. HP: 28/28 MP: 7/15
  1812 | D:2      | Found a bloodstained altar of Trog.
  2052 | D:3      | Noticed Robin
  2157 | D:3      | Reached XP level 6. HP: 32/32 MP: 14/17
  2377 | D:3      | Killed Robin
  2433 | D:3      | Reached skill level 7 in Conjurations
  2499 | D:3      | Found a glowing drain.
  2552 | Sewer    | Entered a sewer
  2655 | Sewer    | Learned a level 4 spell: Fulminant Prism
  2660 | Sewer    | Learned a level 4 spell: Iskenderun's Mystic Blast
  3328 | D:3      | Reached XP level 7. HP: 37/37 MP: 16/18
  3714 | D:4      | Reached skill level 1 in Fighting
  3738 | D:4      | Noticed Eustachio
  3749 | D:4      | Killed Eustachio
  3750 | D:4      | Reached skill level 8 in Conjurations
  4375 | D:5      | Entered Level 5 of the Dungeon
  4400 | D:5      | Reached XP level 8. HP: 44/44 MP: 6/21
  4984 | D:5      | Reached skill level 9 in Conjurations
  5119 | D:5      | Found a staircase to the Ecumenical Temple.
  5127 | Temple   | Entered the Ecumenical Temple
  5183 | Temple   | Became a worshipper of Sif Muna the Loreminder
  5414 | D:6      | Reached skill level 1 in Hexes
  5420 | D:6      | Noticed Prince Ribbit
  5465 | D:5      | Reached skill level 5 in Dodging
  5465 | D:5      | Reached skill level 1 in Translocations
  5628 | D:6      | Killed Prince Ribbit
  5719 | D:6      | Found a runed translucent gate.
  5719 | D:6      | Found a runed translucent gate.
  5719 | D:6      | Found a runed translucent gate.
  5724 | D:6      | Noticed p0werm0de's ghost (novice GrFi)
  5810 | D:6      | Found a shadowy altar of Dithmenos.
  6065 | D:6      | Found a snail-covered altar of Cheibriados.
  6408 | D:6      | Killed p0werm0de's ghost
  6409 | D:6      | Reached XP level 9. HP: 52/52 MP: 2/23
  6605 | D:7      | Reached * piety under Sif Muna
  7543 | D:7      | Reached skill level 5 in Fighting
  8017 | D:8      | Found a sacrificial altar of Ru.
  8024 | D:8      | Reached skill level 1 in Invocations
  8068 | D:8      | Found a basalt altar of Yredelemnul.
  8071 | D:8      | Found a shimmering altar of Xom.
  8187 | D:8      | Noticed Joseph
  8198 | D:8      | Killed Joseph
  8259 | D:8      | Reached ** piety under Sif Muna
  9076 | D:9      | Got a heavily runed chain mail
  9077 | D:9      | Identified the +4 chain mail of Okoul {Rampage rN+ Slay+2}
                  | (You found it on level 9 of the Dungeon)
  9374 | D:10     | Entered Level 10 of the Dungeon
  9446 | D:10     | Reached XP level 10. HP: 60/60 MP: 16/24
  9575 | D:10     | Killed an unseen horror
  9784 | D:10     | Reached skill level 5 in Invocations
 10052 | D:10     | Found a staircase to the Orcish Mines.
 10070 | D:10     | Found a radiant altar of Vehumet.
 10221 | D:10     | Noticed Harold
 10266 | D:10     | Killed Harold
 10527 | D:10     | Noticed a gargoyle
 10537 | D:10     | Killed a gargoyle
 10707 | D:10     | Reached XP level 11. HP: 68/68 MP: 18/25
 10959 | D:10     | Found a staircase to the Lair.
 11169 | Lair:1   | Entered Level 1 of the Lair of Beasts
 12064 | Lair:1   | Reached *** piety under Sif Muna
 12278 | Lair:1   | Reached skill level 1 in Shields
 12629 | Lair:1   | Noticed Maggie
 12637 | Lair:1   | Killed Maggie
 13170 | Lair:3   | Found a staircase to the Snake Pit.
 13214 | Lair:3   | Reached skill level 10 in Conjurations
 13460 | Lair:2   | Noticed a six-headed hydra
 13482 | Lair:2   | Killed a six-headed hydra
 13813 | Lair:2   | Noticed a six-headed hydra
 13835 | Lair:2   | Reached XP level 12. HP: 71/76 MP: 8/26
 13836 | Lair:2   | Killed a six-headed hydra
 14365 | Lair:2   | Reached **** piety under Sif Muna
 14711 | Lair:2   | Found a staircase to the Swamp.
 14723 | Lair:2   | Reached skill level 10 in Dodging
 15474 | Lair:3   | Reached skill level 11 in Conjurations
 15485 | Lair:3   | Reached skill level 10 in Fighting
 16595 | Lair:4   | Noticed a seven-headed hydra
 16835 | Lair:4   | Noticed a death yak
 16835 | Lair:4   | Noticed a death yak
 16914 | Lair:4   | Noticed a death yak
 16929 | Lair:3   | Killed a death yak
 16930 | Lair:3   | Reached XP level 13. HP: 52/83 MP: 6/28
 17246 | Lair:4   | Reached skill level 12 in Conjurations
 17246 | Lair:4   | Reached skill level 1 in Fire Magic
 17255 | Lair:4   | HP: 4/83 [cane toad (15)]
 17259 | Lair:4   | Killed from afar by a meliai

Illustrated notes

Levels and vault maps discovered:
D:1:      dpeg_arrival_shrine, layout_basic, minmay_tetromino_l4
D:2:      layout_rooms, lightli_temple_of_fire, old_standard_altar,
          gammafunk_temple_overflow_wave, nicolae_overflow_crystal_walls,
          uniq_terence, uniq_sigmund
D:3:      layout_basic, gup_sewer_entry_bubbles, serial_bayou_crossing,
          uniq_robin
D:4:      layout_basic, uniq_eustachio
D:5:      layout_basic, minmay_temple_entry_crystal_x, minmay_diced_spiral
D:6:      layout_basic, kennysheep_mini, nicolae_overflow_hidden_temple,
          serial_curves, eino_curves_01, eino_curves_02, gammafunk_ghost_split,
          uniq_prince_ribbit1
D:7:      layout_loops_ring, nicolae_water_bricks
D:8:      layout_loops_cross, minmay_overflow_temple_star_quad,
          lemuel_old_faithful, uniq_joseph
D:9:      layout_small_grid
D:10:     layout_long_grid, grunt_lair_entry_orc_guard_hut, orc_0_dummy,
          basic_altar, uniq_harold
Temple:   minmay_temple_bridge_abc
Lair:1:   layout_hall_layers, st_stairs_5, uniq_maggie
Lair:2:   layout_gridlike, skrybe_swamp_entry_bodies, special_room
          [special_room_bee]
Lair:3:   layout_misc_corridors, guppyfry_snake_entry_garden,
          gauntlet_entry_generic, grunt_megastairs_4
Lair:4:   regret_index_bee_streams, layout_loops_ring, grunt_megastairs_3,
          infiniplex_staircase_pool_2, lemuel_fruit_tree

Skill      XL: |  1  2  3  4  5  6  7  8  9 10 11 12 13 |
---------------+----------------------------------------+-----
Spellcasting   | 4 6 7 8 9 |  9.8
Conjurations   | 5 6 7 8 9 10 11 12 | 12.0
Fighting       | 1 4 6 7 9 10 | 10.5
Dodging        | 3 6 8 9 10 | 10.8
Hexes          | 2 4 |  4.0
Translocations | 2 4 |  4.0
Invocations    | 4 7 8 9 |  9.3
Shields        | 3 4 |  4.0
Fire Magic     | 1 |  1.2
Stealth        | |  2.4

Action                   |  1- 3 |  4- 6 |  7- 9 | 10-12 | 13-15 || total
-------------------------+-------+-------+-------+-------+-------++-------
Melee: Dagger            |     3 |     1 |       |       |       ||     4
       Short sword       |       |     1 |     7 |       |       ||     8
       Hand axe          |       |       |       |     1 |       ||     1
 Cast: Magic Dart        |    59 |    64 |   120 |    34 |       ||   277
       Searing Ray       |     3 |    18 |    60 |   125 |     6 ||   212
       Iskenderun's Myst |       |       |     8 |    74 |    22 ||   104
       Fulminant Prism   |       |       |    14 |    41 |       ||    55
Invok: Channel Magic     |       |       |       |     7 |     3 ||    10
  Use: Scroll            |       |     8 |    15 |     6 |       ||    29
       Potion            |       |       |       |     2 |       ||     2
Armor: Robe              |     1 |     7 |    11 |     8 |       ||    27
       Steam dragon scal |       |       |       |    24 |     4 ||    28
Dodge: Dodged            |    17 |    14 |    92 |   256 |    39 ||   418
Block: Buckler           |       |       |       |    39 |    10 ||    49

Table legend: (Time is in decaauts)
 A = Elapsed time spent in this place.
 B = Non-inter-level travel time spent in this place.
 C = Inter-level travel time spent in this place.
 D = Time resting spent in this place.
 E = Time spent auto-exploring this place.
 F = Levels seen in this place.
 G = Mean time per level.
                   A        B        C        D        E       F      G
               +--------+--------+--------+--------+--------+-----+--------+
         Total |  17436 |  16760 |    676 |   6380 |   7174 |  16 | 1089.8 |
       Dungeon |  11066 |  10529 |    537 |   3490 |   5172 |  10 | 1106.6 |
        Temple |    107 |    104 |      3 |      0 |     89 |   1 |  107.0 |
          Lair |   5451 |   5315 |    136 |   2727 |   1517 |   4 | 1362.8 |
         Sewer |    811 |    811 |      0 |    163 |    396 |   1 |  811.0 |
               +--------+--------+--------+--------+--------+-----+--------+

Top non-repeatable levels by time:
    D:10: 2458 daAuts
  Lair:3: 1918 daAuts
  Lair:2: 1890 daAuts
     D:7: 1333 daAuts
  Lair:1: 1178 daAuts
     D:2: 1076 daAuts
     D:5: 1061 daAuts
     D:6: 1054 daAuts
     D:1: 1023 daAuts
     D:8: 930 daAuts
     D:4: 823 daAuts
   Sewer: 811 daAuts
     D:3: 797 daAuts
     D:9: 507 daAuts
  Lair:4: 463 daAuts
